 Dungeon Crawl Stone Soup version 0.29-a0-330-g52719c12eb (webtiles) character file.

Game seed: 1438600513252315307

26898 kae the Arsonist (level 12, -2/88 HPs)
             Began as a Demigod Fire Elementalist on Apr 28, 2022.
             Killed from afar by an oklob plant (21 damage)
             ... with a splash of acid
             ... on level 2 of the Lair of Beasts.
             The game lasted 00:15:50 (17519 turns).

kae the Arsonist (Demigod Fire Elementalist)       Turns: 17519, Time: 00:15:51

Health: -2/88      AC:  4    Str: 13    XL:     12   Next: 64%
Magic:  22/31      EV: 13    Int: 33    God:
Gold:   1748       SH:  0    Dex: 14    Spells: 13/32 levels left

rFire   + + .      SeeInvis .   I - +1 hand axe of Righteous Anger {vorpal, Str+4}
rCold   x . .      Faith    .   (no shield)
rNeg    . . .      Spirit   .   F - +0 steam dragon scales
rPois   .          Reflect  .   (no helmet)
rElec   .          Harm     .   (no cloak)
rCorr   .          Rampage  .   (no gloves)
Will    +....                   g - +2 pair of boots
Stlth   ++........              p - amulet of regeneration
HPRegen 1.04/turn               f - ring of fire
MPRegen 0.22/turn               h - ring of protection from fire

@: corroded
A: high MP 1, forlorn, divine attributes
a: no special abilities


You were on level 2 of the Lair of Beasts.
You visited 2 branches of the dungeon, and saw 13 of its levels.

You collected 1748 gold pieces.

Inventory:

Hand Weapons
 e - a +1 vorpal dagger
 I - the +1 hand axe of Righteous Anger (weapon) {vorpal, Str+4}
   (You found it on level 1 of the Lair of Beasts)

   It inflicts extra damage upon your enemies.
   Str:       It affects your strength (+4).
Armour
 a - a +1 robe
 g - a +2 pair of boots (worn)
 F - +0 steam dragon scales (worn)
Jewellery
 f - a ring of fire (left hand)
 h - a ring of protection from fire (right hand)
 m - an amulet of the acrobat
 n - a +6 ring of intelligence
 p - an amulet of regeneration (around neck)
 B - a ring of fire
 C - a ring of protection from cold
 G - a ring of magical power
 J - a ring of positive energy
 L - a ring of fire
Wands
 j - a wand of paralysis (17)
 r - a wand of flame (33)
 t - a wand of iceblast (25)
 u - a wand of digging (8)
 x - a wand of charming (3)
 y - a wand of mindburst (12)
Scrolls
 c - 4 scrolls of fear
 w - 2 scrolls of teleportation
 A - a scroll of enchant weapon
 E - 5 scrolls of identify
 H - a scroll of blinking
 K - 3 scrolls of holy word
Potions
 b - 4 potions of mutation
 d - 3 potions of cancellation
 i - a potion of degeneration
 k - a potion of brilliance
 l - a potion of attraction
 o - 2 potions of berserk rage
 q - 4 potions of might
 s - 6 potions of curing
 v - 4 potions of lignification
 z - 3 potions of haste
 D - a potion of flight


   Skills:
 + Level 2.7 Fighting
 + Level 2.7 Armour
 + Level 3.4 Dodging
 - Level 1.7 Stealth
 - Level 10.7 Spellcasting
 - Level 11.5 Conjurations
 - Level 11.8 Fire Magic


You had 13 spell levels left.
You knew the following spells:

 Your Spells              Type           Power      Damage    Failure   Level
a - Foxfire               Conj/Fire      100%       2x1d9     1%          1
b - Scorch                Fire           100%       2d10      1%          2
c - Conjure Flame         Conj/Fire      97%        6-21      1%          3
d - Inner Flame           Hex/Fire       71%        N/A       1%          3
e - Flame Wave            Conj/Fire      97%        2d16      1%          4
f - Mephitic Cloud        Conj/Pois/Air  43%        N/A       1%          3
g - Ignite Poison         Fire/Tmut/Pois 60%        N/A       1%          3

Your spell library contained the following spells:

 Spells                   Type           Power      Damage    Failure   Level
 Summon Small Mammal      Summ           68%        N/A       2%          1
 Corpse Rot               Necr/Air       34%        N/A       4%          2
 Call Canine Familiar     Summ           17%        N/A       8%          3
 Portal Projectile        Hex/Tloc       34%        N/A       8%          3
 Summon Guardian Golem    Hex/Summ       17%        N/A       8%          3
 Freezing Cloud           Conj/Ice/Air   21%        6-21      16%         5
 Dispel Undead            Necr           17%        3d10      26%         4
 Leda's Liquefaction      Hex/Erth       8%         N/A       26%         4
 Death Channel            Necr           8%         N/A       99%         6


Dungeon Overview and Level Annotations

Branches:
Dungeon (11/15)            Temple (0/1) D:5            Lair (2/6) D:10
 Spider (0/4) Lair:2          Orc (0/2) D:11
  Swamp: Lair:2-4    Shoals: Lair:2-4

Annotations:
D:2 Sigmund
D:11 exclusion: boulder beetle
Lair:2 exclusion: 2 oklob plants


Innate Abilities, Weirdness & Mutations

You have an increased reservoir of magic. (+10% MP)
You shall have no god before yourself.
Your divine heritage dramatically boosts your attributes as you level up.


Message History

You ignite the poison in your surroundings!
The oklob plant is engulfed in blazing flames. x2
You start resting.
You are no longer corroded.
Really walk into a travel-excluded area?
Okay, then.
You start resting.
HP restored.
Magic restored.
Really walk into a travel-excluded area?
The oklob plant spits acid at you. The splash of acid hits you!!
The acid corrodes you!
Casting: Ignite Poison (safe; 1% risk of failure)
Confirm with . or Enter, or press ? or * to list all spells.
You feel a surge of power!
You ignite the poison in your surroundings!
Casting: Foxfire (safe; 1% risk of failure)
Press: ? - help, Q - select action, (/) - cycle Dir - look around, f - activate
Okay, then.
Casting: Foxfire (safe; 1% risk of failure)
Confirm with . or Enter, or press ? or * to list all spells.
Aiming: Mephitic Cloud (safe; 1% risk of failure)
Press: ? - help, Shift-Dir - straight line, p - oklob plant The ball explodes into a vile cloud!
The stinking cloud engulfs the oklob plant but does no damage.
The oklob plant is moderately damaged.
The stinking cloud engulfs the oklob plant but does no damage.
The oklob plant is heavily damaged.
The oklob plant spits acid at you. The splash of acid hits you!
The oklob plant spits acid at you. The splash of acid hits you!!
* * * LOW HITPOINT WARNING * * *
Casting: Mephitic Cloud (safe; 1% risk of failure)
Confirm with . or Enter, or press ? or * to list all spells.
You feel a surge of power!
You ignite the poison in your surroundings!
The oklob plant spits acid at you. The splash of acid hits you!!
You die...

P#.....##.###...#
###.....#..##.P.#
##..............##
.................######
#..##..#.###.....P.$$.#
.........#...!...P§§§$#
..................○§P.#
..................§P§.#
................@####
......≈≈≈≈≈≈........#
......≈≈≈≈≈≈≈......##
.....≈≈≈≈≈≈≈≈......#
....≈≈≈≈≈≈≈≈≈......#
....≈≈≈≈≈≈≈≈≈......##
....≈≈≈≈≈.≈≈........#
......≈..>.........##
...................#


You could see 2 oklob plants.

Vanquished Creatures
  3 hydras
  4 two-headed ogres
  A catoblepas (Lair:2)
  Urug (D:11)
  A manticore (D:11)
  An oklob plant (Lair:2)
  A cyclops (D:11)
  12 elephants
  6 cane toads
  An unseen horror (D:11)
  4 komodo dragons
  A kobold demonologist (D:11)
  2 trolls (D:10)
  A polar bear (Lair:1)
  Grinder (D:5)
  A shadow (D:11)
  17 yaks
  2 wraiths
  6 spriggans (Lair:1)
  Eustachio (D:5)
  2 wyverns
  2 steam dragons
  2 acid dragons (D:11)
  9 water moccasins
  Duvessa (D:5)
  3 orc warriors
  5 ice beasts
  A sky beast (D:6)
  3 black bears
  16 wolves
  3 centaurs
  13 bullfrogs
  5 kobold brigands
  A necrophage (D:8)
  2 gnoll sergeants (D:11)
  5 scorpions
  Dowan (D:5)
  17 killer bees
  4 electric eels (D:10)
  2 howler monkeys
  6 hounds
  4 jellies
  6 orc priests
  An iguana (D:4)
  A gnoll shaman (D:9)
  10 orc wizards
  6 gnolls
  11 adders
  A shadow imp (D:8)
  2 white imps (D:6)
  3 worms
  3 dart slugs
  53 orcs
  7 ball pythons
  5 endoplasms
  3 giant cockroaches
  10 goblins
  7 hobgoblins
  8 jackals
  23 kobolds
  6 quokkas
  4 bats
  4 frilled lizards
  A goblin skeleton (D:8)
  A goblin zombie (D:8)
  A hobgoblin zombie (D:8)
  A kobold skeleton (D:8)
  A kobold zombie (D:8)
  4 orc skeletons (D:8)
  An orc zombie (D:8)
  5 rats
363 creatures vanquished.

Vanquished Creatures (collateral kills)
  15 foxfires (Lair:2)
15 creatures vanquished.

Vanquished Creatures (others)
  2 shadows (D:11)
  936 foxfires
  5 fungi
  20 plants
963 creatures vanquished.

Grand Total: 1341 creatures vanquished

Notes
Turn   | Place    | Note
-------+----------+-------------------------------------------
     0 | D:1      | kae the Demigod Fire Elementalist began the quest for the
                  | Orb.
     0 | D:1      | Reached XP level 1. HP: 14/14 MP: 5/5
    29 | D:1      | Reached skill level 1 in Conjurations
   407 | D:1      | Reached XP level 2. HP: 16/20 MP: 2/7
   500 | D:1      | Learned a level 2 spell: Scorch
  1460 | D:2      | Identified a scroll of acquirement
  1460 | D:2      | Acquired 700 gold pieces
  1713 | D:2      | Reached XP level 3. HP: 26/26 MP: 6/9
  1717 | D:2      | Learned a level 3 spell: Conjure Flame
  1737 | D:2      | Noticed Sigmund
  2673 | D:3      | Reached XP level 4. HP: 20/33 MP: 3/10
  3734 | D:4      | Reached XP level 5. HP: 38/38 MP: 3/12
  3989 | D:4      | Learned a level 3 spell: Inner Flame
  4618 | D:5      | Entered Level 5 of the Dungeon
  4668 | D:5      | Noticed Duvessa
  4698 | D:5      | Noticed Eustachio
  4716 | D:5      | Noticed an ice beast
  4735 | D:5      | Noticed an ice beast
  4759 | D:5      | Killed an ice beast
  4760 | D:5      | Reached XP level 6. HP: 45/45 MP: 4/14
  4899 | D:5      | Noticed Grinder
  4914 | D:5      | Paralysed by Grinder for 4 turns
  4924 | D:5      | Killed Grinder
  4925 | D:5      | Reached skill level 5 in Fire Magic
  4925 | D:5      | Reached XP level 7. HP: 50/50 MP: 12/16
  5030 | D:5      | Killed Eustachio
  5039 | D:5      | Learned a level 4 spell: Flame Wave
  5078 | D:5      | Noticed Dowan
  5089 | D:5      | Killed Duvessa
  5095 | D:5      | Killed Dowan
  5215 | D:5      | Reached skill level 5 in Conjurations
  5442 | D:5      | Found a staircase to the Ecumenical Temple.
  5496 | D:5      | Reached skill level 5 in Spellcasting
  5496 | D:5      | Reached XP level 8. HP: 57/57 MP: 12/19
  7180 | D:6      | Identified the +3 leather armour "Weaddu" {rN+ Slay+3}
  7626 | D:7      | Reached XP level 9. HP: 59/62 MP: 13/22
 10083 | D:9      | Noticed a two-headed ogre
 10107 | D:9      | Killed a two-headed ogre
 10108 | D:9      | Reached XP level 10. HP: 69/69 MP: 11/25
 10306 | D:9      | Noticed a two-headed ogre
 10324 | D:9      | Killed a two-headed ogre
 10598 | D:10     | Entered Level 10 of the Dungeon
 10801 | D:10     | Noticed a fire dragon
 10801 | D:10     | Noticed a boulder beetle
 10801 | D:10     | Noticed a cyclops
 10802 | D:10     | Found the +8 Wrath of Trog {antimagic, *Rage Rampage}
 10802 | D:10     | Noticed a manticore
 10803 | D:10     | Noticed a centaur warrior
 10803 | D:10     | Noticed a boulder beetle
 10803 | D:10     | Noticed a deep elf pyromancer
 10805 | D:10     | Noticed a boulder beetle
 10805 | D:10     | Noticed a centaur warrior
 10859 | D:10     | Noticed a centaur warrior
 10860 | D:10     | Noticed a two-headed ogre
 10882 | D:10     | Killed a two-headed ogre
 11139 | D:10     | Found a staircase to the Lair.
 11562 | D:11     | Noticed a boulder beetle
 11581 | D:11     | Identified the +0 robe of Feasting {-Tele rC++ rN+ Dex+4}
 11890 | D:11     | Noticed a two-headed ogre
 11893 | D:11     | Noticed a manticore
 11896 | D:11     | Reached XP level 11. HP: 71/74 MP: 16/28
 11898 | D:11     | Killed a two-headed ogre
 11899 | D:11     | Reached skill level 10 in Fire Magic
 12263 | D:11     | Noticed a five-headed hydra
 12306 | D:11     | Noticed Urug
 12374 | D:11     | Killed a five-headed hydra
 12514 | D:11     | Killed Urug
 12515 | D:11     | Reached skill level 10 in Conjurations
 12642 | D:11     | Found a staircase to the Orcish Mines.
 13639 | Lair:1   | Entered Level 1 of the Lair of Beasts
 13781 | Lair:1   | Identified the +1 hand axe of Righteous Anger {vorpal,
                  | Str+4}
 13810 | Lair:1   | Reached skill level 10 in Spellcasting
 14475 | Lair:1   | Reached XP level 12. HP: 54/81 MP: 21/30
 15350 | Lair:2   | Found a hole to the Spider Nest.
 15728 | Lair:2   | Noticed a catoblepas
 15742 | Lair:2   | Killed a catoblepas
 15743 | Lair:2   | Reached skill level 1 in Fighting
 15743 | Lair:2   | Reached skill level 1 in Armour
 15767 | Lair:2   | HP: 3/84 [poisoned by a cane toad]
 16801 | Lair:2   | Noticed an eight-headed hydra
 16801 | Lair:2   | Noticed a four-headed hydra
 16832 | Lair:2   | Killed an eight-headed hydra
 16891 | Lair:2   | Killed a four-headed hydra
 17047 | Lair:2   | Learned a level 3 spell: Mephitic Cloud
 17051 | Lair:2   | Learned a level 3 spell: Ignite Poison
 17519 | Lair:2   | Killed from afar by an oklob plant

Illustrated notes

Levels and vault maps discovered:
D:1:      lemuel_arrival_cross, layout_basic, minmay_misc_feat_nine_boxes
D:2:      layout_basic, uniq_sigmund
D:3:      layout_rooms, marbit_many_paths,
          chequers_ecumenical_altar_simple_redux
D:4:      layout_basic
D:5:      layout_loops_ring, mainiacjoe_overflow_surrounded_room,
          temple_fountains, uniq_duvessa, uniq_grinder, uniq_eustachio
D:6:      layout_loops_cross, grunt_dithmenos_smoke_and_mirrors, okawaru_trees_2
D:7:      wander_river, layout_cave_pods, serial_glass, glass_columns_b,
          glass_columns_b, glass_columns_b, glass_columns_c, glass_columns_a,
          glass_columns_c, glass_columns_b, glass_columns_a,
          kennysheep_generic_room_12
D:8:      layout_rooms, nicolae_tso_besieged_by_evil,
          nemelex_xobeh_ov_fountains_minmay, general_overflow_altar,
          mainiacjoe_overflow_swirl
D:9:      layout_irregular_city, mainiacjoe_overflow_cross_hatched
D:10:     layout_rooms, erik_lair_island, minivault_12
D:11:     minmay_thinvault, layout_cave_pools, hiddenorc2_lemuel, uniq_urug
Lair:1:   kb_forest_paths, layout_regular_city, nicolae_lair_grazing_beasts
          [nicolae_sub_lair_graze_edge, nicolae_sub_lair_graze_edge,
          nicolae_sub_lair_graze_edge, nicolae_sub_lair_graze_edge]
Lair:2:   minmay_lair_oklob_chamber, layout_gridlike,
          spider_nest_entry_web_field, grunt_megastairs_3,
          infiniplex_staircase_pool, lemuel_fruit_tree

Skill      XL: |  1  2  3  4  5  6  7  8  9 10 11 12 |
---------------+-------------------------------------+-----
Conjurations   | 1 2 3 4 5 6 8 9 10 11 | 11.5
Spellcasting   | 2 3 4 5 6 7 8 10 | 10.7
Fire Magic     | 3 4 5 7 8 9 11 | 11.8
Dodging        | 3 |  3.4
Fighting       | 2 |  2.7
Armour         | 2 |  2.7
Stealth        | |  1.7

Action                   |  1- 3 |  4- 6 |  7- 9 | 10-12 || total
-------------------------+-------+-------+-------+-------++-------
Melee: Unarmed           |    20 |       |       |       ||    20
       Dagger            |       |       |    10 |    94 ||   104
       Punch             |       |       |       |     4 ||     4
       Hand axe          |       |       |       |    20 ||    20
 Cast: Foxfire           |    85 |    78 |   174 |   222 ||   559
       Scorch            |     4 |    23 |    52 |   111 ||   190
       Conjure Flame     |       |     2 |     5 |    14 ||    21
       Flame Wave        |       |       |     8 |    32 ||    40
       Inner Flame       |       |       |     1 |     5 ||     6
       Ignite Poison     |       |       |       |    14 ||    14
       Mephitic Cloud    |       |       |       |    11 ||    11
Evoke: Wand              |       |       |       |     2 ||     2
  Use: Scroll            |     3 |     4 |     9 |     7 ||    23
       Potion            |       |     1 |       |     4 ||     5
Armor: Robe              |    13 |     5 |    36 |     3 ||    57
       Steam dragon scal |       |       |       |    95 ||    95
       Skin              |       |       |       |    26 ||    26
Dodge: Dodged            |    32 |    11 |    76 |   224 ||   343

Table legend: (Time is in decaauts)
 A = Elapsed time spent in this place.
 B = Non-inter-level travel time spent in this place.
 C = Inter-level travel time spent in this place.
 D = Time resting spent in this place.
 E = Time spent auto-exploring this place.
 F = Levels seen in this place.
 G = Mean time per level.
                   A        B        C        D        E       F      G
               +--------+--------+--------+--------+--------+-----+--------+
         Total |  17559 |  17170 |    389 |   1996 |  12264 |  13 | 1350.7 |
       Dungeon |  13754 |  13429 |    325 |   1042 |  10139 |  11 | 1250.4 |
          Lair |   3804 |   3741 |     63 |    954 |   2125 |   2 | 1902.0 |
               +--------+--------+--------+--------+--------+-----+--------+

Top non-repeatable levels by time:
    D:11: 2236 daAuts
  Lair:2: 2177 daAuts
  Lair:1: 1627 daAuts
     D:5: 1536 daAuts
     D:1: 1457 daAuts
     D:9: 1237 daAuts
     D:3: 1235 daAuts
     D:6: 1160 daAuts
     D:7: 1065 daAuts
     D:2: 1015 daAuts
     D:8: 998 daAuts
     D:4: 908 daAuts
    D:10: 902 daAuts
